Map: Frozen Temple

Players

Osqutin

  • Race: Terran Terran

capac - Winner!

  • Race: Terran Terran
  • League: Gold

VOD

Have the link to the VOD?

Description

Time

  • Played on: April 30, 2016, 8:10 a.m.
  • Length: 8:17
Show
View Real Time Build Order
Export as new Build Order

Osqutin Terran 

Build Orders: MMM Bio 

Get SALT Encoding   

  12  0:02  SCV  
  13  0:14  SCV  
  14  0:23  Supply Depot  
  14  0:29  SCV  
  15  0:44  SCV  
  15  0:47  Barracks  
  16  0:57  SCV  
  17  1:06  Refinery  
  17  1:09  SCV  
  18  1:12  Barracks  
  18  1:21  SCV  
  19  1:35  SCV  
  20  1:43  Supply Depot  
  20  1:46  Barracks Tech Lab  
  20  1:47  SCV  
  20  1:50  Refinery  
  21  1:59  SCV  
  22  2:17  Command Center  
  22  2:20  Barracks Reactor  
  22  2:23  SCV  
  22  2:26  Marine  
  24  2:44  Marine  
  25  2:56  Orbital Command  
  25  3:02  Marine  
  26  3:07  Marine x2, Stimpack  
  28  3:19  Marine  
  28  3:25  Marine  
  30  3:29  Marine  
  31  3:36  Engineering Bay, Barracks  
  31  3:37  Marine  
  31  3:40  Factory  
  32  3:42  SCV  
  32  3:46  SCV  
  34  3:54  SCV  
  35  3:58  SCV  
  35  4:02  Marine  
  37  4:06  SCV  
  38  4:10  SCV  
  38  4:11  Marine  
  38  4:14  Marine  
  41  4:22  Orbital Command  
  41  4:24  SCV  
  41  4:27  Barracks Reactor  
  41  4:31  Starport  
  42  4:33  Factory Reactor  
  42  4:36  SCV  
  43  4:50  SCV x2  
  45  5:02  SCV  
  45  5:06  Barracks  
  46  5:13  Command Center  
  46  5:31  Starport Reactor  
  46  5:32  Supply Depot, Marine x3  
  46  5:33  SCV x2  
  51  5:40  Terran Infantry Weapons Level 1  
  51  5:42  Marine x2  
  53  5:43  Engineering Bay  
  53  5:45  SCV  
  54  5:53  Supply Depot, Marine x2, SCV  
  54  5:55  Barracks  
  57  5:57  Medivac  
  57  5:58  Medivac  
  61  6:05  Refinery  
  61  6:11  SCV  
  62  6:18  Supply Depot  
  62  6:19  Marine  
  62  6:20  Refinery, Marine x3  
  62  6:21  Marine  
  62  6:23  SCV  
  68  6:25  Orbital Command  
  68  6:36  Medivac x2  
  68  6:37  Marine  
  68  6:39  Barracks Reactor  
  73  6:41  Barracks Tech Lab  
  73  6:43  Marine x2  
  73  6:44  Combat Shields  
  73  6:45  Marine  
  76  6:49  Factory Tech Lab  
  76  6:57  Factory  
  76  7:01  SCV x2  
  78  7:02  SCV  
  78  7:04  Starport  
  79  7:16  Marine  
  79  7:17  Marine x6  
  79  7:18  Marine  
  87  7:23  Supply Depot  
  87  7:37  Marine x4  
  87  7:38  Marine x2  
  87  7:39  SCV  
  87  7:40  SCV x2  
  96  7:51  SCV  
Show
View Real Time Build Order
Export as new Build Order

capac Terran - Winner!

Build Orders: Reaper Expand 

Get SALT Encoding   

  12  0:00  SCV  
  13  0:13  SCV  
  14  0:18  Supply Depot  
  14  0:25  SCV  
  15  0:40  SCV  
  15  0:41  Barracks  
  16  0:50  Refinery  
  16  0:52  SCV  
  17  1:04  SCV  
  18  1:16  SCV  
  19  1:29  Orbital Command  
  19  1:38  Reaper  
  20  1:42  Command Center  
  20  1:58  Supply Depot  
  20  2:04  SCV  
  21  2:13  Factory  
  21  2:16  Refinery  
  21  2:20  SCV  
  22  2:29  Marine  
  23  2:32  Barracks, SCV  
  24  2:55  Bunker  
  24  2:56  Orbital Command  
  24  2:57  Barracks Reactor  
  24  2:59  SCV  
  25  3:21  SCV  
  25  3:22  SCV  
  25  3:25  Barracks Tech Lab  
  27  3:28  Command Center  
  27  3:29  Factory Tech Lab  
  27  3:35  Starport  
  27  3:38  SCV x2  
  29  3:46  Marine x3  
  32  3:52  Siege Tank  
  32  3:55  SCV  
  36  3:56  SCV  
  37  4:03  Supply Depot  
  37  4:04  Marine  
  37  4:05  Marine  
  38  4:15  Medivac  
  40  4:21  SCV  
  41  4:26  Supply Depot, Marine x2  
  41  4:27  Marine  
  41  4:28  SCV  
  45  4:40  Siege Tank  
  48  4:47  Marine x3  
  48  4:50  Barracks  
  51  5:00  Refinery  
  51  5:01  Refinery, Orbital Command  
  51  5:05  Marine  
  52  5:07  Marine x2  
  52  5:10  Stimpack  
  52  5:12  SCV  
  55  5:18  SCV  
  56  5:24  Starport Reactor, SCV  
  56  5:28  SCV  
  58  5:35  Marine x3  
  60  5:38  Supply Depot  
  61  5:46  Siege Tank  
  61  5:48  SCV x3  
  67  5:53  Barracks Reactor  
  67  5:55  Marine x2  
  67  5:56  Marine  
  70  6:05  Medivac  
  70  6:06  Medivac  
  70  6:08  SCV x2  
  70  6:11  SCV  
  77  6:20  Siege Tank  
  80  6:31  Orbital Command  
  80  6:32  Supply Depot  
  80  6:35  Viking x2  
  84  6:46  Engineering Bay  
  84  6:49  SCV  
  84  6:54  Siege Tank, SCV  
  89  6:59  Supply Depot  
  89  7:13  Marine x3  
  89  7:14  Marine  
  93  7:21  Marine  
  94  7:27  Supply Depot  
  94  7:29  Supply Depot, Siege Tank  
  97  7:31  Marine x3  
  100  7:44  Missile Turret, SCV  
  101  7:49  SCV x2  
Tags
 
Composition
MMM Bio
League
Gold
Matchup
TvT
Race
Terran
Add a new tag
Caveats
  • Supply blocks, unpowered buildings, or Contaminate may cause inaccurate times.
  • Supply counts are checked every 10 seconds.